 Dungeon Crawl Stone Soup version 0.29.1-1-gd02db6906a (webtiles) character file.

Game seed: 4104690637641399955

55 Earthwalker the Trooper (level 3, -1/33 HPs)
             Began as a Minotaur Fighter on Oct 13, 2022.
             Slain by an orc
             ... wielding a +0 dagger
              (2 damage)
             ... on level 3 of the Dungeon.
             The game lasted 00:02:32 (1763 turns).

Earthwalker the Trooper (Minotaur Fighter)          Turns: 1763, Time: 00:02:34

Health: -1/33      AC:  7    Str: 22    XL:     3   Next: 67%
Magic:  2/2        EV:  9    Int:  5    God:
Gold:   127        SH:  4    Dex:  9    Spells: 2/2 levels left

rFire   . . .      SeeInvis .   a - +0 trident
rCold   . . .      Faith    .   c - +0 buckler
rNeg    . . .      Spirit   .   b - +0 scale mail
rPois   .          Reflect  .   (helmet restricted)
rElec   .          Harm     .   (no cloak)
rCorr   .          Rampage  .   (no gloves)
Will    .....                   (no boots)
Stlth   ..........              (no amulet)
HPRegen 0.11/turn               (no ring)
MPRegen 0.08/turn               (no ring)

@: no status effects
A: horns 2, retaliatory headbutt
a: no special abilities


You were on level 3 of the Dungeon.
You visited 1 branch of the dungeon, and saw 3 of its levels.

You collected 127 gold pieces.

Inventory:

Hand Weapons
 a - a +0 trident (weapon)
Missiles
 m - 11 poisoned darts (quivered)
Armour
 b - a +0 scale mail (worn)
 c - a +0 buckler (worn)
Jewellery
 k - a ring of protection from fire
 s - a ring of magical power
Scrolls
 e - 3 scrolls of identify {unknown}
 i - a scroll of summoning {unknown}
 j - a scroll of immolation {unknown}
 o - a scroll of poison {unknown}
 p - a scroll of amnesia {unknown}
 q - 2 scrolls of teleportation {unknown}
 t - a scroll of fog {unknown}
Potions
 d - 4 potions of might
 f - a potion of mutation {unknown}
 g - 4 potions of flight {unknown}
 h - 2 potions of curing {unknown}
 l - a potion of heal wounds {unknown}
 n - a potion of degeneration {unknown}
 r - a potion of invisibility {unknown}


   Skills:
 + Level 4.3 Fighting
 + Level 3.2 Polearms
 + Level 4.2 Armour
 + Level 4.2 Shields


You had 2 spell levels left.
You didn't know any spells.
Your spell library contained the following spells:

 Spells                   Type           Power      Damage    Failure   Level
 Portal Projectile        Hex/Tloc       0%         N/A       99%         3
 Stone Arrow              Conj/Erth      0%         3d7       99%         3
 Tukima's Dance           Hex            0%         N/A       99%         3
 Animate Armour           Summ/Erth      0%         N/A       100%        4
 Blade Hands              Tmut           0%         N/A       100%        5
 Lehudib's Crystal Spear  Conj/Erth      0%         10d2      100%        8


Dungeon Overview and Level Annotations

Branches:
Dungeon (3/15)

Altars:
Fedhas
Ru


Innate Abilities, Weirdness & Mutations

You have a pair of horns on your head.
You reflexively headbutt those who attack you in melee.


Message History

The orc hits you but does no damage. You block the orc's attack.
The orc hits you with a +0 hand axe.
You are too injured to fight recklessly!
You are too injured to fight recklessly!
You are too injured to fight recklessly!
You are too injured to fight recklessly!
You are too injured to fight recklessly!
You are too injured to fight recklessly!
You are too injured to fight recklessly!
You are too injured to fight recklessly!
You are too injured to fight recklessly!
You are too injured to fight recklessly!
You are too injured to fight recklessly!
You are too injured to fight recklessly!
You are too injured to fight recklessly!
You are too injured to fight recklessly!
You are too injured to fight recklessly!
You are too injured to fight recklessly!
You are too injured to fight recklessly!
You are too injured to fight recklessly!
You are too injured to fight recklessly!
You are too injured to fight recklessly!
You are too injured to fight recklessly!
You are too injured to fight recklessly!
You are too injured to fight recklessly!
Unknown command.
You closely miss the goblin.
The frilled lizard hisses angrily.
The orc hits you but does no damage. The goblin hits you with a +0 club.
* * * LOW HITPOINT WARNING * * *
The orc completely misses you. The orc barely misses you.
The orc completely misses you.
You puncture the orc!
You kill the orc!
You block the orc's attack. The goblin misses you. You block the orc's attack.
The orc barely misses you. You block the goblin's attack.
The orc hits you with a +0 flail!
* * * LOW HITPOINT WARNING * * *
The orc hits you but does no damage. The orc hits you with a +0 dagger.
You die...

...# ##... #.........
...# #......... ..#
#...._.... #.#
#....8.... ##<#
###...._....
##..###..$........
#..###....go......
#.........@)......
.............)oo......
......###.....S.......
.....## #...)....J....
..... #.............
..... ......l........
.<.. #####.....#...$.
#...###..... ..... ...


You could see 3 orcs, an endoplasm, a goblin, a ball python and a frilled
lizard.

Vanquished Creatures
  An adder (D:2)
  A dart slug (D:2)
  2 orcs (D:3)
  7 ball pythons
  4 endoplasms
  A giant cockroach (D:2)
  4 goblins
  2 hobgoblins
  3 jackals (D:2)
  4 quokkas
  4 bats
  A frilled lizard (D:2)
  5 kobolds
  3 rats
42 creatures vanquished.

Notes
Turn   | Place    | Note
-------+----------+-------------------------------------------
     0 | D:1      | Earthwalker the Minotaur Fighter began the quest for the
                  | Orb.
     0 | D:1      | Reached XP level 1. HP: 19/19 MP: 0/0
   243 | D:1      | Reached XP level 2. HP: 20/27 MP: 1/1
   384 | D:1      | Found a faded altar of an unknown god.
  1213 | D:2      | Reached XP level 3. HP: 33/33 MP: 2/2
  1748 | D:3      | Found a blossoming altar of Fedhas.
  1748 | D:3      | Found a sacrificial altar of Ru.
  1763 | D:3      | HP: 1/33 [orc/+0 flail (7)]
  1763 | D:3      | Slain by an orc

Illustrated notes

Levels and vault maps discovered:
D:1:      lemuel_arrival_hallway, layout_loops_ring, basic_ecumenical_altar
D:2:      layout_loops_ring, minmay_statues_item, grunt_decor_mini_mirrors
D:3:      layout_rooms, chequers_temple_overflow_statue_of_worship

Skill      XL: |  1  2 |
---------------+-------+-----
Fighting       | 4 |  4.3
Shields        | 4 |  4.2
Armour         | 4 |  4.2
Polearms       | 3 |  3.2

Action                   || total
-------------------------++-------
Melee: Trident           ||   104
       Headbutt          ||     6
Armor: Scale mail        ||    40
Dodge: Dodged            ||    42
Block: Buckler           ||    20
